 Dungeon Crawl Stone Soup version 0.28-a0-1567-g1695149f81 (webtiles) character file.

Game seed: 12445097157514136739

28 Strat the Vandal (level 2, -3/24 HPs)
             Began as a Demigod Hunter on Jan 19, 2022.
             Killed from afar by Sigmund (9 damage)
             ... with a magic dart
             ... on level 2 of the Dungeon.
             The game lasted 00:01:56 (1110 turns).

Strat the Vandal (Demigod Hunter)                   Turns: 1110, Time: 00:01:57

Health: -3/24      AC:  3    Str: 13    XL:     2   Next: 78%
Magic:  4/4        EV: 11    Int: 13    God:
Gold:   25         SH:  0    Dex: 14    Spells: 1/1 levels left

rFire   . . .      SeeInvis .   a - +1 hunting sling
rCold   . . .      Faith    .   (no shield)
rNeg    . . .      Spirit   .   c - +0 leather armour
rPois   .          Reflect  .   (no helmet)
rElec   .          Harm     .   (no cloak)
rCorr   .          Rampage  .   (no gloves)
Will    .....                   (no boots)
Stlth   +.........              (no amulet)
HPRegen 0.08/turn               (no ring)
MPRegen 0.09/turn               (no ring)

@: no status effects
A: high mp 1, forlorn, divine attributes
a: no special abilities


You were on level 2 of the Dungeon.
You visited 1 branch of the dungeon, and saw 2 of its levels.

You collected 25 gold pieces.

Inventory:

Hand Weapons
 a - a +1 hunting sling (weapon)
 b - a +2 dagger of venom
 h - a +0 short sword
Missiles
 d - 17 sling bullets (quivered ammo)
 e - 103 stones
 j - 6 poisoned darts
Armour
 c - a +0 leather armour (worn)
Scrolls
 f - a scroll of noise {unknown}
 g - a scroll of identify {unknown}
Potions
 i - a potion of magic {unknown}
 k - a potion of brilliance {unknown}
 l - a potion of heal wounds {unknown}


   Skills:
 - Level 1.7 Fighting
 + Level 4.5 Slings
 - Level 1.7 Dodging
 - Level 0.8 Stealth


You had one spell level left.
You didn't know any spells.
Your spell library contained the following spells:

 Spells                   Type           Power      Damage    Failure   Level
 Portal Projectile        Hex/Tloc       0%         N/A       75%         3
 Blade Hands              Tmut           0%         N/A       100%        5
 Excruciating Wounds      Necr           0%         N/A       100%        5


Dungeon Overview and Level Annotations

Branches:
Dungeon (2/15)

Annotations:
D:2 Sigmund


Innate Abilities, Weirdness & Mutations

You have an increased reservoir of magic. (+10% MP)
You shall have no god before yourself.
Your divine heritage dramatically boosts your attributes as you level up.


Message History

No target in view!
k - a brown potion An orc comes into view.
It is wielding a +0 flail.
Found a stone staircase leading up.
The orc shouts!
An orc is nearby!
You shoot a stone. The stone hits the orc!
You kill the orc!
l - a bubbling grey potion
e - 83 stones (gained 1)
Things that are here:
a +0 flail; an orc corpse
e - 102 stones (gained 19)
e - 103 stones (gained 1)
You see here a quokka corpse.
Sigmund the Dreaded comes into view.
He is wielding a +0 scythe and wearing a +2 robe of positive energy.
You shoot a sling bullet. The sling bullet hits Sigmund.
Sigmund shouts!
Sigmund is lightly wounded.
You shoot a sling bullet. The sling bullet barely misses Sigmund.
You shoot a sling bullet.
The sling bullet completely misses Sigmund.
Sigmund hits you from afar with a +0 scythe!
Ouch! That really hurt!
* * * LOW HITPOINT WARNING * * *
Unknown command.
Sigmund says, "Don't worry, I'll kill you fast."
Sigmund casts a spell.
Sigmund flickers and vanishes!
Deactivating autopickup; reactivate with Ctrl-A.
A magic dart appears from out of thin air!
The magic dart hits you!
* * * LOW HITPOINT WARNING * * *
You see here a quokka corpse.
Sigmund mumbles some strange words.
Sigmund flickers and vanishes!
Found 23 arrows.
A magic dart appears from out of thin air!
The magic dart hits you!
You die...

######.........###
#..............# #
#.###..........#
..#.#............##
...#.###.#..{....#
.....#.....#####.#
....##..†...### #.#
#### .....
#........# #†# #...
...... #<@......#
#.# #... #....#...#
#.# #... #...##...#
#.# #...
#...#......#.###...
#...#......#.##....
#.### (....#.##....
#.# ...#....... #.#
####.... #....


There were no monsters in sight!

Vanquished Creatures
  An orc (D:2)
  2 endoplasms (D:1)
  3 goblins
  4 hobgoblins
  A kobold (D:1)
  3 quokkas
  2 ball pythons (D:1)
  5 bats (D:1)
  2 frilled lizards (D:1)
  A rat (D:2)
24 creatures vanquished.

Notes
Turn   | Place    | Note
-------+----------+-------------------------------------------
     0 | D:1      | Strat the Demigod Hunter began the quest for the Orb.
     0 | D:1      | Reached XP level 1. HP: 17/17 MP: 3/3
   195 | D:1      | Reached skill level 4 in Slings
   275 | D:1      | Reached XP level 2. HP: 24/24 MP: 4/4
  1049 | D:2      | Noticed Sigmund
  1110 | D:2      | Killed from afar by Sigmund

Illustrated notes

Levels and vault maps discovered:
D:1:      dpeg_arrival_rooms_with_view, layout_basic
D:2:      layout_basic, item_on_display_b, uniq_sigmund

Skill      XL: |  1 |
---------------+----+-----
Slings         | 4 |  4.5
Fighting       | |  1.7
Dodging        | |  1.7
Stealth        | |  0.8

Action                   || total
-------------------------++-------
Melee: Short sword       ||    31
       Punch             ||     1
       Dagger            ||     1
 Fire: Hunting sling     ||    28
Armor: Leather armour    ||    21
Dodge: Dodged            ||    25

Table legend: (Time is in decaauts)
 A = Elapsed time spent in this place.
 B = Non-inter-level travel time spent in this place.
 C = Inter-level travel time spent in this place.
 D = Time resting spent in this place.
 E = Time spent auto-exploring this place.
 F = Levels seen in this place.
 G = Mean time per level.
                   A        B        C        D        E       F      G
               +--------+--------+--------+--------+--------+-----+--------+
         Total |   1108 |    994 |    114 |      0 |    764 |   2 |  554.0 |
       Dungeon |   1108 |    994 |    114 |      0 |    764 |   2 |  554.0 |
               +--------+--------+--------+--------+--------+-----+--------+

Top non-repeatable levels by time:
     D:1: 938 daAuts
     D:2: 170 daAuts
